 Dungeon Crawl Stone Soup version 0.19-a0-860-g5c370dd (webtiles) character file.

100090 mopl the Sharpshooter (level 16, -4/105 HPs)
             Began as a Kobold Hunter on July 2, 2016.
             Was the Champion of Okawaru.
             Slain by a very large slime creature (48 damage)
             ... on level 12 of the Dungeon.
             The game lasted 01:24:15 (31360 turns).

mopl the Sharpshooter (Kobold Hunter)              Turns: 31360, Time: 01:24:16

Health: -4/105     AC: 21    Str: 17    XL:     16   Next: 78%
Magic:  23/23      EV: 17    Int:  9    God:    Okawaru [******]
Gold:   1268       SH:  5    Dex: 23    Spells: 0 memorised, 15 levels left

rFire  . . .     SeeInvis .     b - +1 lajatang (elec)
rCold  . . .     Gourm    .     e - +2 chain mail {MR+}
rNeg   + . .     Faith    .     (shield currently unavailable)
rPois  +         Spirit   .     w - +1 hat {MR+}
rElec  .         Dismiss  .     (no cloak)
rCorr  .         Reflect  +     D - +0 pair of fencer's gloves {+Riposte Dex+6}
SustAt .         Harm     .     P - +2 pair of boots
MR     +++..                    T - +5 amulet of reflection
Stlth  ..........               V - ring of positive energy
                                q - +4 ring of protection

@: extremely resistant to hostile enchantments, extremely unstealthy
A: carnivore 3, poison resistance
a: Heroism, Finesse, Renounce Religion


You were on level 12 of the Dungeon.
You worshipped Okawaru.
Okawaru was exalted by your worship.
You were very full.

You visited 3 branches of the dungeon, and saw 21 of its levels.

You collected 2077 gold pieces.
You spent 809 gold pieces at shops.

Inventory:

Hand Weapons
 a - the +4 arbalest "Jelly's Undoing" {elec, rF+ MR+ Int+5 Dex-5}
   (Okawaru gifted it to you on level 6 of the Lair of Beasts)

   It charges the ammunition it shoots with electricity; occasionally upon a
   hit, such missiles may discharge and cause terrible harm.
   It affects your intelligence (+5).
   It affects your dexterity (-5).
   It protects you from fire.
   It affects your resistance to hostile enchantments.
 b - a +1 lajatang of electrocution (weapon)
 N - a +0 blowgun
Missiles
 d - 236 bolts
 B - 3 throwing nets (quivered)
 H - 10 curare-tipped needles
Armour
 e - a +2 chain mail of magic resistance (worn)
 o - a +3 leather armour of cold resistance
 w - a +1 hat of magic resistance (worn)
 D - the +0 pair of fencer's gloves (worn) {+Riposte Dex+6}
   (You found it on level 6 of the Lair of Beasts)

   It affects your dexterity (+6).
 K - the +0 chain mail of Patience {rPois Str+4 Int-2 Slay+5}
   (You bought it in a shop on level 2 of the Orcish Mines)

   It affects your strength (+4).
   It affects your intelligence (-2).
   It affects your accuracy and damage with ranged weapons and melee attacks
   (+5).
   It protects you from poison.
 P - a +2 pair of boots (worn)
 Z - a +4 chain mail
Rods
 O - a +0 rod of clouds (10/10) {!a}
   (You found it on level 7 of the Dungeon)
Jewellery
 k - a +4 ring of strength
 q - a +4 ring of protection (left hand)
 T - a +5 amulet of reflection (around neck)
 V - a ring of positive energy (right hand)
Wands
 c - a wand of digging (4/24)
 r - a wand of polymorph (13/24)
 t - a wand of iceblast (5/15)
 x - a wand of acid (7/15)
 A - a wand of confusion (22/48)
 C - a wand of iceblast (9/15)
 F - a wand of enslavement (7/24)
Scrolls
 g - 3 scrolls of magic mapping
 i - 2 scrolls of immolation {unknown}
 j - 3 scrolls of teleportation
 p - a scroll of holy word {unknown}
 v - 3 scrolls of noise {unknown}
 y - a scroll of torment {unknown}
 G - a scroll of random uselessness {unknown}
 I - 4 scrolls of enchant armour {unknown}
 L - 4 scrolls of fog {unknown}
 M - a scroll of remove curse
 W - 2 scrolls of enchant weapon {unknown}
Potions
 h - 5 potions of curing
 l - 2 potions of lignification {!q}
 m - a potion of haste
 s - a potion of ambrosia
 u - 2 potions of agility
 z - a potion of cancellation
 E - 4 potions of berserk rage {!q}
 J - 6 potions of flight
 Q - a potion of invisibility
Miscellaneous
 n - a phial of floods
 R - a sack of spiders
 S - 2 phantom mirrors
Comestibles
 f - 7 meat rations
 Y - 10 royal jellies


   Skills:
 + Level 13.8 Fighting
 + Level 11.6 Staves
 - Level 18.0 Crossbows
 + Level 5.4 Armour
 + Level 11.0 Dodging
 - Level 1.3 Stealth
 - Level 10.2 Invocations
 - Level 9.5 Evocations


You had 15 spell levels left.
You didn't know any spells.

Dungeon Overview and Level Annotations

Branches:
Dungeon (13/15)            Temple (0/1) D:5            Lair (6/6) D:9
  Swamp (0/4) Lair:3        Snake (0/4) Lair:3        Slime (0/5) Lair:5
    Orc (2/2) D:11            Elf (0/3) Orc:2
 Vaults: D:13-14

Altars:
Ashenzari
Cheibriados
Fedhas
Gozag
Makhleb
Okawaru
Qazlal
Sif Muna
Trog
Xom
Yredelemnul
Jiyva

Shops:
D:4 [   D:6 !(   Orc:1 [   Orc:2 [((*


Innate Abilities, Weirdness & Mutations

You are small and have problems with some larger weapons.
You are carnivorous and can eat meat at any time.
Your system is resistant to poisons. (rPois)


Message History

Your chain mail prevents you from hitting the very large slime creature.
The very large slime creature is severely wounded.
You slash the very large slime creature!
The very large slime creature is severely wounded.
The very large slime creature hits you!
You slice the very large slime creature!!
The very large slime creature is almost dead.
The very large slime creature hits you but does no damage.
You hit the very large slime creature.
The very large slime creature is almost dead.
You hit the very large slime creature but do no damage.
The very large slime creature is almost dead.
The very large slime creature hits you.
You hit the very large slime creature.
The very large slime creature is almost dead.
The very large slime creature hits you!!!
You slash the very large slime creature!
The very large slime creature is almost dead.
The very large slime creature hits you!!!
You die...

..#########............))..#..##.
#..[.....#######..........[......
...#####.# #####.#######.....
#..# #.# #.# #..... #..# #.# #.#
#..##. #..# #.# #.# ##..##. #..#
#.# #.######...... #..# #.#
######(().(.....### #.># #.#
#.@J.[(((......## #..# #.#
#(####..#####.## #..# #.# #.#
#........# #..#####.######)#
##.#######
...............(#####.#
.#.#####.####..(......# .#.# #.#
#.######### ...# #.# #.# ####
#.####.#


You could see a very large slime creature.

Vanquished Creatures
  Saint Roka (Orc:2)
  Maud (Lair:3)
  The ghost of Shenda the Grappler, a journeyman TrMo (Lair:3)
  Josephine (Orc:1)
  Snorg (Orc:2)
  2 ogre magi
  Harold (D:10)
  Fannar (D:11)
  A catoblepas (Lair:4)
  An ice dragon (Lair:6)
  5 hydras
  2 centaur warriors (D:11)
  19 death yaks
  5 orc high priests
  Sonja (Lair:3)
  2 unseen horrors (D:11)
  An orc knight (D:11)
  A hill giant (D:11)
  2 ugly things (D:12)
  An oklob plant (Lair:5)
  A griffon (Lair:2)
  A manticore (D:11)
  2 orc sorcerers
  5 cyclopes
  2 centaur zombies (D:11)
  An ice statue (Lair:6)
  22 elephants
  8 spiny frogs
  8 black mambas
  A gargoyle (D:11)
  2 centaur skeletons
  A torpor snail (Lair:5)
  3 rime drakes
  8 komodo dragons
  A kobold demonologist (D:12)
  5 two-headed ogres
  9 polar bears
  A boulder beetle (Lair:3)
  Prince Ribbit (D:6)
  A queen bee (Lair:1)
  4 raiju (Lair:6)
  7 trolls
  4 slime creatures (D:12)
  Grinder (D:6)
  19 blink frogs
  Sigmund (D:5)
  An air elemental (Orc:2)
  3 spriggans (Lair:2)
  3 basilisks
  5 wraiths
  13 hippogriffs
  4 wyverns
  35 yaks
  A hungry ghost (D:9)
  2 steam dragons
  15 wargs
  5 vampire mosquitoes (Lair:3)
  A soldier ant (D:11)
  Duvessa (D:5)
  8 hell hounds
  The ghost of Tungsten the Conjurer, an amateur DECj (D:4)
  12 water moccasins
  5 porcupines
  15 black bears
  A wasp (D:9)
  8 ice beasts
  An eye of draining (D:12)
  37 orc warriors
  A sky beast (D:7)
  3 phantoms
  21 ogres
  28 wolves
  2 necrophages
  10 centaurs
  12 crocodiles
  3 big kobolds
  Blork the orc (D:6)
  20 giant frogs
  A wyvern skeleton (D:6)
  4 scorpions
  Dowan (D:5)
  19 killer bees
  An electric eel (Lair:4)
  4 howler monkeys
  2 giant frog zombies
  3 crimson imps
  2 wasp zombies (D:8)
  21 hounds
  5 jellies
  36 orc priests
  3 giant frog skeletons
  2 iguanas
  22 orc wizards
  12 worker ants
  21 sheep
  A killer bee zombie (D:9)
  A hound zombie (D:8)
  A worker ant zombie (D:11)
  7 gnolls (D:9)
  11 adders
  94 river rats
  2 shadow imps
  2 white imps (Lair:6)
  5 oozes (D:12)
  2 adder skeletons
  4 worms
  4 dart slugs
  2 giant geckos
  116 orcs
  6 bats
  5 giant cockroaches
  2 gnoll zombies (D:2)
  9 goblins
  3 hobgoblins
  9 jackals
  4 quokkas
  3 ball pythons
  A giant gecko skeleton (D:4)
  A giant gecko zombie (D:9)
  3 giant newts
  23 kobolds
  4 rats
  5 bushes (Lair:5)
  2 fungi (Lair:6)
  2 plants
940 creatures vanquished.

Vanquished Creatures (others)
  A centaur warrior (D:11)
  A yak (Lair:5)
  16 fungi
  17 plants
35 creatures vanquished.

Grand Total: 975 creatures vanquished

Notes
Turn   | Place    | Note
-------+----------+-------------------------------------------
     0 | D:1      | mopl the Kobold Hunter began the quest for the Orb.
     0 | D:1      | Reached XP level 1. HP: 12/12 MP: 1/1
    88 | D:1      | Reached skill level 5 in Crossbows
   296 | D:1      | Reached XP level 2. HP: 16/17 MP: 2/2
   908 | D:2      | Reached XP level 3. HP: 14/21 MP: 3/3
   909 | D:2      | Found a deep blue altar of Sif Muna.
  1005 | D:2      | Found a burning altar of Makhleb.
  1005 | D:2      | Found a shimmering altar of Xom.
  1029 | D:2      | Found a shattered altar of Ashenzari.
  1032 | D:2      | Reached skill level 6 in Crossbows
  1126 | D:2      | Found a stormy altar of Qazlal.
  1129 | D:2      | Found a blossoming altar of Fedhas.
  1130 | D:2      | Found an iron altar of Okawaru.
  1186 | D:2      | Became a worshipper of Warmaster Okawaru
  1298 | D:2      | Reached XP level 4. HP: 23/26 MP: 4/4
  1444 | D:2      | Found a snail-covered altar of Cheibriados.
  1500 | D:2      | Found a basalt altar of Yredelemnul.
  1925 | D:3      | Reached skill level 7 in Crossbows
  1994 | D:3      | Reached XP level 5. HP: 30/30 MP: 5/5
  2297 | D:3      | Found a bloodstained altar of Trog.
  2442 | D:4      | Noticed a troll
  2525 | D:4      | Noticed Tungsten's ghost (amateur DECj)
  2577 | D:4      | Killed Tungsten's ghost
  2577 | D:4      | Reached * piety under Okawaru
  2577 | D:4      | Reached skill level 8 in Crossbows
  2577 | D:4      | Reached XP level 6. HP: 14/35 MP: 6/6
  3303 | D:4      | Found Uca Lufa's Armour Emporium.
  3448 | D:4      | You fall through a shaft for 3 floors!
  3448 | D:7      | Noticed an ogre
  3452 | D:7      | Killed an ogre
  3452 | D:7      | Reached skill level 9 in Crossbows
  3452 | D:7      | Reached XP level 7. HP: 40/40 MP: 4/7
  3511 | D:7      | Reached ** piety under Okawaru
  3511 | D:7      | Reached skill level 10 in Crossbows
  3815 | D:6      | Noticed Prince Ribbit
  3903 | D:6      | Reached skill level 11 in Crossbows
  3903 | D:6      | Reached XP level 8. HP: 34/44 MP: 5/8
  3974 | D:5      | Entered Level 5 of the Dungeon
  3974 | D:5      | Noticed Duvessa
  3974 | D:5      | Noticed Dowan
  3979 | D:5      | Killed Dowan
  3991 | D:6      | Noticed Blork the orc
  4002 | D:6      | Killed Blork the orc
  4034 | D:6      | Found Ofrewn's Weapon Emporium.
  4112 | D:6      | Found Woefam's Distillery.
  4117 | D:6      | Bought a potion of degeneration for 14 gold pieces
  4117 | D:6      | Bought a potion of lignification for 42 gold pieces
  4117 | D:6      | Bought a potion of berserk rage for 70 gold pieces
  4117 | D:6      | Bought a potion of mutation for 35 gold pieces
  4271 | D:5      | Noticed Sigmund
  4271 | D:5      | Reached skill level 12 in Crossbows
  4286 | D:5      | Found a staircase to the Ecumenical Temple.
  4471 | D:5      | Killed Duvessa
  4527 | D:6      | Noticed Grinder
  4549 | D:6      | Killed Grinder
  4549 | D:6      | Reached *** piety under Okawaru
  4549 | D:6      | Reached XP level 9. HP: 41/48 MP: 9/9
  4704 | D:5      | Reached skill level 13 in Crossbows
  5239 | D:5      | Killed Sigmund
  5354 | D:4      | Reached skill level 14 in Crossbows
  5541 | D:4      | Killed a troll
  5806 | D:5      | Received a gift from Okawaru
  6418 | D:7      | Reached skill level 15 in Crossbows
  6503 | D:6      | Bought a potion of flight for 42 gold pieces
  6536 | D:6      | Killed Prince Ribbit
  6536 | D:6      | Reached **** piety under Okawaru
  6536 | D:6      | Reached XP level 10. HP: 53/53 MP: 10/10
  6971 | D:7      | Identified a +0 rod of clouds (10/10) (You found it on level 7 of the Dungeon)
  7362 | D:8      | Reached skill level 1 in Staves
  7362 | D:8      | Reached skill level 1 in Evocations
  7475 | D:8      | Reached skill level 1 in Armour
  7475 | D:8      | Reached skill level 3 in Dodging
  7650 | D:8      | Reached skill level 2 in Evocations
  7717 | D:8      | Reached skill level 3 in Fighting
  7885 | D:8      | Found an opulent altar of Gozag.
  8076 | D:6      | Bought a potion of invisibility for 112 gold pieces
  8076 | D:6      | Bought a potion of magic for 112 gold pieces
  8268 | D:9      | Reached skill level 2 in Staves
  8360 | D:9      | Found a staircase to the Lair.
  8546 | D:9      | Reached skill level 4 in Dodging
  8546 | D:9      | Reached skill level 3 in Evocations
  8561 | D:9      | Received a gift from Okawaru
  8561 | D:9      | Reached skill level 2 in Armour
  8805 | D:9      | Received a gift from Okawaru
  8909 | D:9      | Reached skill level 4 in Fighting
  9056 | D:9      | Reached skill level 4 in Evocations
  9060 | D:9      | Reached skill level 3 in Staves
  9146 | D:9      | Reached XP level 11. HP: 61/61 MP: 11/14
  9271 | Lair:1   | Entered Level 1 of the Lair of Beasts
  9328 | D:10     | Entered Level 10 of the Dungeon
  9354 | D:10     | Reached skill level 5 in Dodging
  9596 | D:10     | Reached skill level 5 in Fighting
  9618 | D:10     | Reached skill level 3 in Armour
  9947 | D:10     | Noticed Harold
  9974 | D:10     | Killed Harold
  9974 | D:10     | Reached skill level 5 in Evocations
 10081 | D:10     | Reached skill level 6 in Dodging
 10088 | D:10     | Reached ***** piety under Okawaru
 10093 | D:10     | Reached skill level 16 in Crossbows
 10395 | Lair:1   | Reached skill level 4 in Staves
 10777 | Lair:1   | Reached skill level 6 in Evocations
 10897 | Lair:1   | Received a gift from Okawaru
 10897 | Lair:1   | Reached skill level 6 in Fighting
 11178 | Lair:1   | Reached skill level 4 in Armour
 11178 | Lair:1   | Reached XP level 12. HP: 14/70 MP: 14/16
 11551 | Lair:1   | Received a gift from Okawaru
 11551 | Lair:1   | Reached skill level 7 in Dodging
 11919 | D:11     | Noticed Fannar
 12856 | Lair:2   | Reached skill level 7 in Evocations
 13080 | Lair:2   | Reached skill level 7 in Fighting
 13130 | Lair:2   | Reached skill level 5 in Staves
 13368 | Lair:2   | Noticed a five-headed hydra
 13375 | Lair:2   | Reached skill level 8 in Dodging
 13382 | Lair:2   | Killed a five-headed hydra
 14022 | Lair:3   | Reached skill level 8 in Evocations
 14061 | Lair:3   | Noticed Maud
 14312 | Lair:3   | Noticed Sonja
 14320 | Lair:3   | Killed Sonja
 14320 | Lair:3   | Reached XP level 13. HP: 46/78 MP: 19/19
 14535 | Lair:3   | Noticed Shenda's ghost (journeyman TrMo)
 14769 | Lair:3   | Found a staircase to the Snake Pit.
 14851 | Lair:1   | Reached skill level 9 in Dodging
 14873 | Lair:1   | Reached skill level 8 in Fighting
 15058 | D:11     | Reached skill level 6 in Staves
 15094 | D:11     | Received a gift from Okawaru
 15692 | D:11     | Found a staircase to the Orcish Mines.
 15801 | Orc:1    | Entered Level 1 of the Orcish Mines
 15803 | Orc:1    | Found Far Taeb's Armour Shoppe.
 16654 | D:12     | Received a gift from Okawaru
 16957 | D:11     | Received a gift from Okawaru
 16957 | D:11     | Reached skill level 9 in Evocations
 17150 | D:11     | Reached skill level 17 in Crossbows
 17254 | Orc:1    | Noticed Josephine
 17263 | Orc:1    | Killed Josephine
 17263 | Orc:1    | Reached skill level 9 in Fighting
 17504 | Orc:1    | Received a gift from Okawaru
 17635 | Orc:1    | Reached skill level 10 in Dodging
 17682 | Orc:1    | Noticed an ogre mage
 17705 | Orc:1    | Killed an ogre mage
 17705 | Orc:1    | Received a gift from Okawaru
 18352 | Orc:2    | Entered Level 2 of the Orcish Mines
 18369 | Orc:2    | Reached skill level 7 in Staves
 19248 | Orc:2    | Noticed Saint Roka
 19462 | D:11     | Noticed a centaur warrior
 19537 | D:10     | Reached skill level 1 in Invocations
 19638 | Lair:3   | Received a gift from Okawaru
 19686 | Lair:3   | Noticed a five-headed hydra
 19691 | Lair:3   | Killed a five-headed hydra
 19751 | Lair:2   | Reached skill level 2 in Invocations
 20192 | Lair:4   | Noticed a five-headed hydra
 20205 | Lair:4   | Killed a five-headed hydra
 20205 | Lair:4   | Reached XP level 14. HP: 72/87 MP: 18/21
 20333 | Lair:4   | Gained mutation: Your system is resistant to poisons. (rPois) [potion of beneficial mutation]
 20558 | Lair:4   | Reached skill level 3 in Invocations
 21021 | Lair:4   | Reached skill level 10 in Fighting
 21031 | Lair:4   | Reached skill level 4 in Invocations
 21556 | Lair:5   | Received a gift from Okawaru
 21556 | Lair:5   | Reached skill level 8 in Staves
 21621 | Lair:5   | Received a gift from Okawaru
 21776 | Lair:5   | Reached skill level 5 in Invocations
 22365 | Lair:5   | Received a gift from Okawaru
 22368 | Lair:5   | Reached skill level 18 in Crossbows
 22751 | Lair:5   | Found a viscous altar of Jiyva.
 22751 | Lair:5   | Found a staircase to the Slime Pits.
 22881 | Lair:3   | Killed Maud
 23084 | Lair:3   | Killed Shenda's ghost
 23084 | Lair:3   | Reached skill level 11 in Fighting
 23483 | Lair:3   | Found a staircase to the Swamp.
 23669 | Lair:3   | Reached skill level 6 in Invocations
 23899 | Lair:3   | Reached skill level 9 in Staves
 24057 | Lair:6   | Entered Level 6 of the Lair of Beasts
 24383 | Lair:6   | Received a gift from Okawaru
 24450 | Lair:6   | Reached XP level 15. HP: 66/95 MP: 22/22
 24641 | Lair:6   | Received a gift from Okawaru
 24646 | Lair:6   | Reached skill level 7 in Invocations
 24649 | Lair:6   | Got a polished arbalest {god gift}
 24650 | Lair:6   | Identified the +4 arbalest "Jelly's Undoing" {elec, rF+ MR+ Int+5 Dex-5} (Okawaru gifted it to you on level 6 of the Lair of Beasts)
 25315 | Lair:6   | Reached skill level 10 in Staves
 25320 | Lair:6   | Reached skill level 8 in Invocations
 25328 | Lair:6   | Reached skill level 12 in Fighting
 25645 | Lair:6   | Received a gift from Okawaru
 25792 | Lair:6   | Reached skill level 9 in Invocations
 25941 | Lair:6   | Reached ****** piety under Okawaru
 26785 | Lair:6   | Reached XP level 16. HP: 46/103 MP: 23/23
 27307 | D:11     | Reached skill level 13 in Fighting
 27531 | D:11     | Killed Fannar
 27531 | D:11     | Reached skill level 11 in Staves
 27531 | D:11     | Reached skill level 10 in Invocations
 27868 | D:11     | Got a slimy ring mail
 27912 | D:10     | Identified the cursed +1 ring mail of Wani {Int+3} (You found it on level 11 of the Dungeon)
 28548 | Orc:2    | Killed Saint Roka
 28548 | Orc:2    | Received a gift from Okawaru
 28854 | Orc:2    | Received a gift from Okawaru
 28944 | Orc:2    | Noticed Snorg
 29034 | Orc:2    | Killed Snorg
 29127 | Orc:2    | Reached skill level 5 in Armour
 29251 | Orc:2    | Found a staircase to the Elven Halls.
 29736 | Orc:2    | Found Faenuh's Assorted Antiques.
 29736 | Orc:2    | Found Ivvurunec's Antique Weapon Emporium.
 29737 | Orc:2    | Found Ucisonwu's Antique Armour Shoppe.
 29740 | Orc:2    | Found Ganusche's Weapon Shoppe.
 29743 | Orc:2    | Bought a scroll labeled PIOFO XEAXOWO for 31 gold pieces
 29816 | Orc:2    | Bought a topaz-encrusted chain mail for 351 gold pieces
 29831 | Orc:2    | Identified the cursed +0 chain mail of Patience {rPois Str+4 Int-2 Slay+5} (You bought it in a shop on level 2 of the Orcish Mines)
 30114 | D:10     | Received a gift from Okawaru
 30530 | D:12     | Reached skill level 11 in Dodging
 31360 | D:12     | Slain by a very large slime creature

Vault maps used:
D:1:      minmay_arrival_four_houses
D:2:      kennysheep_slug_shrine, grunt_temple_overflow_open,
          lemuel_zombie_altar_yredelemnul, first_bread
D:3:      grunt_ministairs_10, hangedman_decor_growths, st_stairs_13, trog_book
D:4:      serial_shops, shop
D:5:      uniq_duvessa, uniq_sigmund
D:6:      serial_shops, nicolae_shop_crystal, shop, uniq_prince_ribbit1,
          uniq_grinder, uniq_blork_the_orc
D:8:      nicolae_gozag_cash_rules_everything_around_me
D:9:      minmay_lair_entry_lava
D:10:     uniq_harold
D:11:     minmay_cut_squares, minmay_orc_entry_guard_dogs, uniq_fannar
D:12:     hangedman_little_slice_of_home
D:13:     serial_shops, bzr_entry_gold, basic_altar, uniq_frances, uniq_erolcha
Lair:1:   serial_bayou_lagoon_a, minivault_27
Lair:2:   special_room, wad_woods_02
Lair:3:   minmay_swamp_entry_swarm, dummy_snake_entry, beast_lair_carwin_11,
          uniq_maud, uniq_sonja
Lair:4:   grunt_megastairs_5, infiniplex_staircase_pool, lemuel_fruit_fields,
          lemuel_fruit_fields
Lair:5:   dpeg_slime_entry_enclosed_altar, minmay_lair_oklob_bushes
Lair:6:   hangedman_lair_caniforms_friends, hangedman_lair_in_review,
          ice2_lemuel
Orc:1:    serial_shops, shop, minmay_orc_keep, uniq_josephine
Orc:2:    st_orc_mages, nicolae_orc_rockfall, uniq_saint_roka, uniq_snorg

Skill      XL: |  1  2  3  4  5  6  7  8  9 10 11 12 13 14 15 16 |
---------------+-------------------------------------------------+-----
Crossbows      | 5 6 7 8 9 11 12 15 16 17 18 | 18.0
Staves         | 3 4 5 7 9 10 11 | 11.6
Evocations     | 4 6 8 9 |  9.5
Armour         | 2 4 5 |  5.4
Dodging        | 4 6 8 10 11 | 11.0
Fighting       | 4 6 7 9 11 12 13 | 13.8
Invocations    | 2 6 9 10 | 10.2
Stealth        | |  1.3

Action                   |  1- 3 |  4- 6 |  7- 9 | 10-12 | 13-15 | 16-18 || total
-------------------------+-------+-------+-------+-------+-------+-------++-------
Melee: Short sword       |    70 |    20 |       |       |       |       ||    90
       Quarterstaff      |       |    71 |   208 |   759 |   816 |    55 ||  1909
       Arbalest          |       |       |       |     2 |    14 |    18 ||    34
       Lajatang          |       |       |       |       |       |   240 ||   240
 Fire: Hand crossbow     |    15 |    44 |   153 |    54 |       |       ||   266
       Arbalest          |       |       |       |   306 |   965 |   206 ||  1477
Throw: Throwing net      |       |       |       |     1 |       |       ||     1
Invok: Heroism           |       |     1 |    18 |    43 |    41 |     5 ||   108
       Finesse           |       |       |       |       |       |     1 ||     1
Evoke: Rod               |       |       |       |     6 |    11 |     1 ||    18
       Wand              |       |       |       |     3 |     3 |       ||     6
  Use: Potion            |       |     2 |     3 |     3 |     3 |     1 ||    12
       Scroll            |       |       |     4 |    12 |     2 |     7 ||    25
 Stab: Sleeping          |     2 |     3 |     2 |     1 |     1 |       ||     9
       Distracted        |       |       |       |     2 |       |       ||     2
       Paralysed         |       |       |       |     7 |       |       ||     7
  Eat: Chunk             |    10 |     6 |    10 |    28 |    45 |    15 ||   114
Armor: Leather armour    |    16 |    47 |   100 |   276 |   250 |    20 ||   709
       Skin              |       |       |     1 |    63 |    45 |       ||   109
       Ring mail         |       |       |       |       |       |    33 ||    33
       Chain mail        |       |       |       |       |       |    22 ||    22
Dodge: Dodged            |    59 |   128 |   235 |  1031 |  1131 |   224 ||  2808
Block: Other             |       |       |       |       |   265 |    43 ||   308
       Reflection        |       |       |       |       |     2 |     3 ||     5
